 Dungeon Crawl Stone Soup version 0.23-a0-359-g9beedce (webtiles) character file.

7381 MisterFreud the Covert (level 10, -6/54 HPs)
             Began as a Felid Transmuter on Oct 22, 2018.
             Was a Priest of Uskayaw.
             Mangled by a komodo dragon (26 damage)
             ... on level 3 of the Lair of Beasts on Oct 23, 2018.
             The game lasted 00:56:08 (20611 turns).

MisterFreud the Covert (Felid Transmuter)          Turns: 20611, Time: 00:56:08

Health: -6/54      AC:  6    Str: 11    XL:     10   Next: 92%
Magic:  13/16      EV: 17    Int: 20    God:    Uskayaw [***...]
Gold:   935        SH:  0    Dex: 16    Spells: 3/13 levels left
                                        Lives:  0   Deaths: 3

rFire    x . .     SeeInvis +     - Unarmed
rCold    + + +     Gourm    .   (shield unavailable)
rNeg     . . .     Faith    .   (armour unavailable)
rPois    +         Spirit   .   (helmet unavailable)
rElec    .         Reflect  .   (cloak unavailable)
rCorr    .         Harm     .   (gloves unavailable)
MR       +....                  (boots unavailable)
Stlth    ++++......             (no amulet)
HPRegen  0.18/turn              m - +4 ring of intelligence
MPRegen  0.15/turn              A - +2 ring of strength

@: ice-form
A: large, no armour, no weapons or thrown items, stealth, see invisible,
carnivore, slow metabolism 1
a: End Transformation, Stomp, Line Pass, Renounce Religion


You were on level 3 of the Lair of Beasts.
You worshipped Uskayaw.
Uskayaw was noncommittal.
You were very full.
You were a creature of crystalline ice.
You visited 3 branches of the dungeon, and saw 14 of its levels.

You collected 935 gold pieces.

Inventory:

Missiles
 a - 180 arrows
Jewellery
 h - an uncursed ring of protection from cold
 m - a +4 ring of intelligence (left front paw)
 u - an uncursed ring of flight
 v - the ring of the Lotus Blossom {rCorr Str-5 Slay+5}
   (You found it on level 10 of the Dungeon)

   [ring of resist corrosion]

   It affects your strength (-5).
   It affects your accuracy and damage with ranged weapons and melee attacks
   (+5).
 x - an uncursed ring of fire
 A - a +2 ring of strength (right front paw)
Wands
 g - a wand of flame (18)
 p - a wand of disintegration (31)
 r - a wand of iceblast (3)
 t - a wand of clouds (5)
Scrolls
 d - a scroll of amnesia
 e - 7 scrolls of remove curse
 l - a scroll of summoning {unknown}
 o - a scroll of fear
 s - 3 scrolls of teleportation
 w - a scroll of fog
 y - a scroll of brand weapon {unknown}
 B - 2 scrolls of magic mapping
 D - a scroll of holy word {unknown}
 E - a scroll of identify
Potions
 b - a potion of mutation
 f - 3 potions of flight
 i - 3 potions of cancellation
 j - a potion of might
 k - 2 potions of brilliance
 n - a potion of resistance
 q - a potion of haste
 z - a potion of magic
 C - a potion of berserk rage
 F - 2 potions of heal wounds
 G - 2 potions of curing
Comestibles
 c - 30 rations


   Skills:
 - Level 6.0 Fighting
 - Level 10.0 Dodging
 - Level 10.0 Stealth
 - Level 10.0 Unarmed Combat
 - Level 2.0 Spellcasting
 - Level 3.3 Hexes
 + Level 9.2 Transmutations
 - Level 4.0 Ice Magic
 + Level 6.8 Invocations
 - Level 6.0 Evocations


You had 3 spell levels left.
You knew the following spells:

 Your Spells              Type           Power        Failure   Level  Hunger
b - Sticks to Snakes      Tmut           #####...     1%          2    ##.....
c - Spider Form           Tmut/Pois      ###.......   7%          3    ###....
d - Confusing Touch       Hex            ###...       4%          1    #......
e - Ice Form              Ice/Tmut       ####....     11%         4    #####..

Your spell library contained the following spells:

 Spells                   Type           Power        Failure   Level  Hunger
 Beastly Appendage        Tmut           #####.       1%          1    #......
 Animate Skeleton         Necr           N/A          16%         1    #......
 Apportation              Tloc           #.....       16%         1    #......
 Summon Small Mammal      Summ           #...         16%         1    #......
 Blade Hands              Tmut           #####.....   10%         5    ######.


Dungeon Overview and Level Annotations

Branches:
Dungeon (10/15)            Temple (1/1) D:7            Lair (3/6) D:8
    Orc (0/2) D:10
  Swamp: Lair:2-4    Shoals: Lair:2-4     Snake: Lair:2-4    Spider: Lair:2-4

Altars:
Ashenzari
Cheibriados
Dithmenos
Elyvilon
Fedhas
Hepliaklqana
Kikubaaqudgha
Makhleb
Nemelex Xobeh
Okawaru
Qazlal
Ru
Sif Muna
Trog
Uskayaw
Vehumet
Wu Jian
Xom
Yredelemnul
Zin
The Shining One

Shops:
D:7 [

Annotations:
D:5 1 runed door, MisterFreud's ghost, amateur FeAr
D:10 3 runed doors
Lair:2 exclusion: oklob plant


Innate Abilities, Weirdness & Mutations

You cannot wear armour.
You are incapable of wielding weapons or throwing items.
Your paws allow you to move quietly. (Stealth)
((You have sharp claws.))
((You have razor-sharp teeth.))
You have supernaturally acute eyesight. (SInv)
You are carnivorous and can eat meat at any time.
((You cover ground quickly.))
((You are covered in thick fur. (AC +2)))
You have a slow metabolism.
((Your sharp claws are effective at attacking unaware monsters.))


Message History

You are too injured to fight recklessly!
You hit the komodo dragon.
The komodo dragon seems to slow down.
You freeze the komodo dragon.
The komodo dragon is heavily wounded.
The komodo dragon closely misses you.
You hit the komodo dragon but do no damage.
The komodo dragon is heavily wounded.
The komodo dragon misses you.
You punch the komodo dragon! You freeze the komodo dragon.
The komodo dragon is almost dead.
You hit the komodo dragon but do no damage.
The komodo dragon is almost dead.
The komodo dragon bites you.
You hit the komodo dragon but do no damage.
The komodo dragon is almost dead.
The komodo dragon is no longer moving slowly.
You hit the komodo dragon but do no damage.
The komodo dragon is almost dead.
The komodo dragon bites you!!
You die...

#..##........#.#
.#....##..#..........##
..............#.......
##....P#.......#.......
.#.............##....#..
........#......##...##..
#P....#.##....#....#...
.#(...lP.##.#.#.#.......
......(Y................
........................
##.#.###..#.###.#.....##
# ###### ##########


You could see a komodo dragon.

Vanquished Creatures
  2 hydras
  A two-headed ogre (D:8)
  A wizard (D:10)
  A necromancer (D:10)
  2 black mambas
  Psyche (D:8)
  4 spiny frogs
  3 komodo dragons
  A polar bear (Lair:2)
  A troll (D:9)
  4 hippogriffs
  5 blink frogs (Lair:2)
  2 dream sheep
  2 yaks
  Grum (D:9)
  2 vampire mosquitoes (D:10)
  Menkaure (D:5)
  7 water moccasins
  3 porcupines
  Duvessa (D:5)
  A swamp drake (D:10)
  A hornet zombie (D:9)
  4 orc warriors
  2 sky beasts
  4 ice beasts
  2 phantoms
  A necrophage (D:10)
  4 ogres
  4 wolves (D:9)
  6 crocodiles
  3 centaurs
  12 big kobolds
  6 bullfrogs
  4 scorpions
  Dowan (D:5)
  17 killer bees
  2 electric eels (Lair:2)
  A howler monkey (D:6)
  2 crimson imps (D:10)
  2 bullfrog zombies
  A quasit (D:8)
  5 hounds
  3 jellies
  8 orc priests
  A bullfrog skeleton (D:6)
  A centaur skeleton (D:5)
  Ijyb (D:3)
  3 iguanas
  8 orc wizards
  A worker ant (D:9)
  A yak simulacrum (D:10)
  6 polar bear simulacra (D:10)
  A wolf simulacrum (D:10)
  A hound zombie (D:8)
  3 hound skeletons
  A worker ant zombie (D:7)
  7 gnolls
  5 adders
  A shadow imp (D:10)
  2 adder zombies
  An adder skeleton (D:6)
  4 worms
  A dart slug (D:1)
  A leopard gecko (D:3)
  44 orcs
  4 ball pythons
  10 bats
  8 giant cockroaches
  11 goblins
  11 hobgoblins
  12 jackals
  4 quokkas
  5 frilled lizards
  54 kobolds
  A quokka skeleton (D:5)
  2 quokka zombies
  3 rats (D:1)
  A river rat simulacrum (D:10)
361 creatures vanquished.

Vanquished Creatures (collateral kills)
  2 water moccasins (Lair:1)
  An adder (D:10)
  A kobold (D:9)
4 creatures vanquished.

Vanquished Creatures (others)
  A plant (Lair:2)
1 creature vanquished.

Grand Total: 366 creatures vanquished

Notes
Turn   | Place    | Note
-------+----------+-------------------------------------------
     0 | D:1      | MisterFreud the Felid Transmuter began the quest for the
                  | Orb.
     0 | D:1      | Reached XP level 1. HP: 9/9 MP: 4/4
    42 | D:1      | Reached skill level 1 in Stealth
    94 | D:1      | Reached XP level 2. HP: 12/12 MP: 4/6
   700 | D:1      | Reached XP level 3. HP: 15/15 MP: 5/7
  1644 | D:2      | Reached XP level 4. HP: 14/19 MP: 8/8
  1660 | D:2      | Learned a level 2 spell: Sticks to Snakes
  1664 | D:2      | Learned a level 3 spell: Spider Form
  2068 | D:3      | Noticed Ijyb
  2086 | D:3      | Killed Ijyb
  2583 | D:2      | Reached XP level 5. HP: 17/22 MP: 9/9
  3801 | D:4      | Gained mutation: You are covered in thick fur. (AC +2)
                  | [Felid growth]
  3801 | D:4      | Reached XP level 6. HP: 20/25 MP: 8/10
  4169 | D:4      | Learned a level 1 spell: Confusing Touch
  4513 | D:4      | Reached skill level 1 in Hexes
  4527 | D:4      | Reached skill level 5 in Unarmed Combat
  4592 | D:4      | Reached skill level 5 in Dodging
  4980 | D:4      | Reached XP level 7. HP: 21/28 MP: 7/11
  5803 | D:5      | Entered Level 5 of the Dungeon
  5805 | D:5      | Noticed Menkaure
  5814 | D:5      | Killed Menkaure
  5814 | D:5      | Reached skill level 5 in Stealth
  5818 | D:5      | Reached skill level 5 in Transmutations
  5841 | D:5      | Found a runed door.
  5841 | D:5      | Noticed MisterFreud's ghost (amateur FeAr)
  5905 | D:5      | Reached XP level 8. HP: 24/32 MP: 8/12
  6286 | D:5      | Noticed Duvessa
  6288 | D:5      | Noticed Dowan
  6292 | D:5      | Killed Dowan
  6662 | D:5      | Killed Duvessa
  6729 | D:5      | Learned a level 4 spell: Ice Form
  7862 | D:7      | Reached XP level 9. HP: 35/35 MP: 9/13
  7881 | D:7      | Found a sacrificial altar of Ru.
  8025 | D:7      | Found a staircase to the Ecumenical Temple.
  8472 | Temple   | Entered the Ecumenical Temple
  8652 | D:7      | Found Pipeanot's Antique Armour Shoppe.
  9481 | D:8      | Slain by a quasit
  9482 | D:8      | Reached XP level 8. HP: 0/32 MP: 10/12
  9482 | D:8      | Upgraded the game from 0.23-a0-358-g98c7a59 to
                  | 0.23-a0-359-g9beedce
  9499 | D:8      | Noticed Psyche
  9566 | D:8      | Found an ornate altar of the Wu Jian Council.
  9566 | D:8      | Found a radiant altar of Vehumet.
  9673 | D:8      | Found a staircase to the Lair.
 10285 | D:8      | Noticed a two-headed ogre
 10304 | D:8      | Killed Psyche
 10304 | D:8      | Reached skill level 1 in Evocations
 10304 | D:8      | Reached XP level 9. HP: 27/35 MP: 11/13
 10310 | D:8      | Killed a two-headed ogre
 10387 | D:8      | Reached skill level 10 in Stealth
 10562 | D:8      | Found a hide-covered altar of Uskayaw.
 10565 | D:8      | Became a worshipper of Uskayaw the Reveler
 10765 | D:9      | Reached * piety under Uskayaw
 10795 | D:9      | Reached ** piety under Uskayaw
 10876 | D:8      | Reached *** piety under Uskayaw
 11756 | D:9      | Noticed a troll
 11763 | D:9      | Killed a troll
 11769 | D:9      | Reached **** piety under Uskayaw
 11797 | D:9      | Reached skill level 1 in Ice Magic
 11838 | D:9      | Reached XP level 10. HP: 33/39 MP: 14/14
 11866 | D:9      | Noticed Grum
 11877 | D:9      | Killed Grum
 11880 | D:9      | Reached skill level 10 in Dodging
 11890 | D:9      | Reached ***** piety under Uskayaw
 12735 | D:8      | Reached skill level 5 in Evocations
 13283 | D:9      | Noticed a three-headed hydra
 13292 | D:9      | Killed a three-headed hydra
 13428 | D:10     | Entered Level 10 of the Dungeon
 13693 | D:10     | Found a runed door.
 13693 | D:10     | Noticed a centaur warrior
 13694 | D:10     | Found a runed door.
 13694 | D:10     | Found a runed door.
 13741 | D:10     | Noticed a wizard
 14105 | D:10     | HP: 1/46 [polar bear simulacrum (2)]
 14105 | D:10     | Slain by a polar bear simulacrum
 14106 | D:10     | Reached XP level 9. HP: -1/42 MP: 12/14
 14132 | D:10     | Killed a wizard
 14132 | D:10     | Reached skill level 10 in Unarmed Combat
 14132 | D:10     | Reached XP level 10. HP: 36/39 MP: 15/15
 14157 | D:10     | Got a brightly glowing iron ring
 14161 | D:10     | Identified the ring of the Lotus Blossom {rCorr Str-5
                  | Slay+5} (You found it on level 10 of the Dungeon)
 14709 | D:10     | Found a staircase to the Orcish Mines.
 15417 | D:10     | Noticed a necromancer
 15440 | D:10     | Killed a necromancer
 15709 | Lair:1   | Entered Level 1 of the Lair of Beasts
 15961 | Lair:1   | Reached skill level 5 in Fighting
 16281 | Lair:1   | Noticed a black mamba
 16305 | Lair:1   | Killed a black mamba
 16629 | Lair:1   | HP: 2/45 [water moccasin (9)]
 16907 | Lair:1   | Reached skill level 1 in Invocations
 17125 | Lair:1   | Noticed a six-headed hydra
 17140 | Lair:1   | Killed a six-headed hydra
 17267 | Lair:1   | Noticed a spiny frog
 17277 | Lair:1   | Killed a spiny frog
 17277 | Lair:1   | Reached XP level 11. HP: 42/48 MP: 11/16
 17980 | Lair:2   | Reached skill level 5 in Invocations
 18394 | Lair:2   | Slain by a spiny frog
 18395 | Lair:2   | Reached XP level 10. HP: -3/54 MP: 12/15
 18571 | Lair:2   | Noticed a spiny frog
 18573 | Lair:2   | Killed a spiny frog
 18838 | Lair:2   | Noticed an oklob plant
 20145 | Lair:2   | Killed a spiny frog
 20373 | Lair:3   | Noticed a spiny frog
 20595 | Lair:3   | Noticed a black mamba
 20603 | Lair:3   | Killed a black mamba
 20611 | Lair:3   | Mangled by a komodo dragon

Vault maps used:
D:1:      minmay_arrival_diagonal_passages
D:2:      st_stairs_9
D:3:      uniq_ijyb
D:4:      minmay_goblin_kobold_castle, first_ration, roderic_roman_lattice
D:5:      gammafunk_ghost_grave, nicolae_sextant, minmay_tree_intersection,
          uniq_duvessa, uniq_menkaure
D:6:      minmay_misc_feat_room, nrook_loot_triangle
D:7:      temple_pool_b, serial_shops, kennysheep_little_box, basic_altar
D:8:      nicolae_overflow_hidden_temple, kennysheep_mini,
          gammafunk_temple_overflow_elements, lair_entry_dummy, enter_ossuary_1,
          uniq_psyche
D:9:      hangedman_ranch, uniq_grum
D:10:     minmay_the_grid_triangle_9x9_rhombus_thin_mashed, erik_orc_1,
          eino_house_with_fridge
Temple:   compressed_dpeg_circular_temple
Lair:1:   small_statue_intersection
Lair:2:   wad_woods_river_04, minmay_lair_oklob_chamber, grunt_megastairs_3,
          serial_bayou_shore_a
Lair:3:   minmay_snake_entry_six_corridors, eino_small_chamber_without_monster,
          uniq_fannar, uniq_sonja

Skill      XL: |  1  2  3  4  5  6  7  8  9 10 11 |
---------------+----------------------------------+-----
Stealth        | 1 2 3 4 5 9 10 | 10.0
Unarmed Combat | 4 5 6 8 10 9 | 10.0
Transmutations | 4 5 8 7 9 |  9.2
Dodging        | 3 5 6 7 9 10 | 10.0
Hexes          | 2 3 |  3.3
Evocations     | 1 3 6 |  6.0
Ice Magic      | 1 4 |  4.0
Fighting       | 6 |  6.0
Invocations    | 6 5 |  6.8
Spellcasting   | |  2.0

Action                   |  1- 3 |  4- 6 |  7- 9 | 10-12 || total
-------------------------+-------+-------+-------+-------++-------
Melee: Unarmed           |   109 |   260 |   429 |   444 ||  1242
       Bite              |     7 |    11 |    19 |     5 ||    42
       Headbutt          |     9 |    11 |       |       ||    20
       Punch             |     1 |     3 |     3 |     3 ||    10
 Cast: Beastly Appendage |    19 |    13 |       |       ||    32
       Spider Form       |       |    16 |    31 |    31 ||    78
       Sticks to Snakes  |       |     1 |     2 |    16 ||    19
       Confusing Touch   |       |       |    10 |    26 ||    36
       Ice Form          |       |       |       |    23 ||    23
 Abil: End Transformatio |       |       |     1 |       ||     1
Evoke: Wand              |       |       |     8 |    20 ||    28
  Use: Scroll            |       |    10 |    13 |     5 ||    28
       Potion            |       |     3 |     6 |     4 ||    13
 Stab: Sleeping          |    15 |     5 |    21 |    13 ||    54
       Confused          |       |       |     9 |    19 ||    28
       Distracted        |       |       |     1 |     3 ||     4
       Invisible         |       |       |     7 |       ||     7
       Paralysed         |       |       |     5 |    13 ||    18
  Eat: Chunk             |     9 |     9 |    23 |    34 ||    75
Armor: Skin              |     5 |     6 |    10 |    32 ||    53
Dodge: Dodged            |    79 |   270 |   404 |   329 ||  1082

Table legend:
 A = Non-vault XP
 B = Vault XP
 C = Vault XP percentage of total XP
 D = Non-vault monster count
 E = Vault monster count
 F = Vault count percentage of total count
                 A         B        C        D         E       F
            +---------+---------+-------+---------+---------+-------
      Total |   16067 |    7845 |  32.8 |     262 |     103 |  28.2
            +---------+---------+-------+---------+---------+-------
        D:1 |      42 |       0 |   0.0 |      24 |       0 |   0.0
        D:2 |     115 |      16 |  12.2 |      24 |       3 |  11.1
        D:3 |     113 |      38 |  25.2 |      28 |       1 |   3.4
        D:4 |     166 |     658 |  79.9 |      17 |      44 |  72.1
        D:5 |     313 |     377 |  54.6 |       8 |       3 |  27.3
        D:6 |     736 |       0 |   0.0 |      17 |       0 |   0.0
        D:7 |    1245 |       0 |   0.0 |      29 |       0 |   0.0
        D:8 |    1998 |     888 |  30.8 |      23 |       3 |  11.5
        D:9 |    1795 |    2401 |  57.2 |      44 |      11 |  20.0
       D:10 |     230 |    3034 |  93.0 |       5 |      37 |  88.1
     Lair:1 |    4561 |       0 |   0.0 |      21 |       0 |   0.0
     Lair:2 |    4301 |     433 |   9.1 |      21 |       1 |   4.5
     Lair:3 |     452 |       0 |   0.0 |       1 |       0 |   0.0
            +---------+---------+-------+---------+---------+-------
